cohdb
Replays
Latest Replays
All Replays
Popular Replays
Top Player Replays
Match Explorer
How It Works
Community
CoH3 Stats
Reddit
Sign in to upload your games and track your stats! →
Sign in with Steam
Match 33553192
Unlisted
Match 33553192
Overview
Messages
Build Orders
End
Panzergrenadier Squad
Selects Armored Support Battlegroup
250 Light Carrier
Panzergrenadier Squad
Construct Light Support Kompanie
Selects Veteran Gunners
2.5-tonne Medical Truck
Selects Veteran Gunners
Construct Mechanized Kompanie
Selects Salvage Kits
Veteran Squad Leaders
Combat Half-tracks
254 Reconnaissance Tractor
Panzergrenadier Squad
Marder III Tank Destroyer
Fire Support Elements
Flakvierling Half-track
Construct Panzerarmee Kommand
Tungsten Core Ammunition
Advanced Field Repairs
Walking Stuka Rocket Launcher
Walking Stuka Rocket Launcher
Pak 38 Mechanized Group
Selects Panzer Storm
Selects Stuka Anti-tank Loiter
Advanced Optics
254 Reconnaissance Tractor
Stuka Anti-tank Loiter
Selects Flammpanzer III Medium Tank
2.5-tonne Medical Truck
MrFrezze
๖ۣۜManey©
KOR_ICSeok
matrix4x4
mitchellvarian12
actocrat
0
0
Comments
sign in to comment!
No comments posted yet!